AoeStats
← Mirza

Black Forest

504164893Analyzed
4v4 RM · 29d ago on Sep 4, 2026· 34m 41s· 8 players
Game mode
Random Map
Map size
Large (8 player)
Population
200
Speed
Normal
Resources
Standard
Victory
Conquest
Starting age
Dark Age
Ending age
Imperial Age
RankedLock teamsTeams togetherTeam positionsShared explorationLock speedFull tech treeHidden civsTurbo modeCheats
Victory
Defeat
🇵🇪 Vietnamese · Peru
983
+7
🇳🇴 Khmer · Norway
965
+7
🇨🇱 Teutons · Chile
921
+21
🇳🇿 Britons · New Zealand
726
+17
🇺🇸 Celts · United States
852
-31
🇺🇸 Khmer · United States
765
-10
🇺🇸 Persians · United States
763
-10
🇺🇸 Vietnamese · United States
641
-6
micahsanders29
4:13 Loom
SilverTigre
7:23 Loom
rampagingcarrot
0:33 Loom
Mirza
0:56 Loom
16:58 Feudal Age
17:57 Town Watch
18:17 Double-Bit Axe
19:25 Wheelbarrow
18:47 Arson
18:53 Horse Collar
30:04 Gold Mining
30:08 Fishing Lines
30:44 Man-at-Arms
32:42 Scale Barding Armor
32:37 Scale Mail Armor
32:50 Forging
32:30 Fletching
32:41 Padded Archer Armor
34:17 Stone Mining
Guli
0:55 Loom
16:03 Feudal Age
19:45 Castle Age
21:32 Double-Bit Axe
21:30 Horse Collar
22:07 Heavy Plow
22:20 Bow Saw
25:11 Wheelbarrow
25:46 Hand Cart
29:57 Stone Mining
30:46 Town Watch
34:32 Fletching
34:56 Town Patrol
37:49 Imperial Age
Poremmie
2:10 Loom
17:37 Feudal Age
22:38 Stone Mining
28:23 Fletching
28:39 Horse Collar
30:03 Double-Bit Axe
36:34 Castle Age
35:09 Gold Mining
WolfAtic
4:15 Loom
4:24 Loom
15:35 Feudal Age
16:02 Fishing Lines
16:09 Double-Bit Axe
16:06 Horse Collar
20:49 Castle Age
20:50 Stone Mining
24:02 Fervor
24:18 Gillnets
25:52 Bow Saw
26:17 Heavy Plow
33:33 Imperial Age
30:56 Fletching
31:18 Forging
31:13 Scale Barding Armor
31:42 Bloodlines
31:35 Husbandry
32:28 Ballistics
32:22 Masonry
32:10 Bodkin Arrow
32:21 Gold Mining
33:08 Stone Shaft Mining
34:19 Double Crossbow
33:47 Heavy Scorpion
T115937
12:41 Feudal Age
Connection lost

Rejoining the realm…

Still unreachable

The connection could not be restored.

Session expired

The server has moved on; the page needs a fresh start.